 Dungeon Crawl Stone Soup version 0.27-a0-1202-ge72e49191c (webtiles) character file.

Game seed: 5040813214732787846

45 lightspider the Chiller (level 3, -2/20 HPs)
             Began as a Deep Elf Ice Elementalist on June 3, 2021.
             Slain by a worm (9 damage)
             ... on level 2 of the Dungeon.
             The game lasted 00:07:46 (1804 turns).

lightspider the Chiller (Deep Elf Ice Elementalist) Turns: 1804, Time: 00:07:47

Health: -2/20      AC:  3    Str:  5    XL:     3   Next: 42%
Magic:  10/10      EV: 13    Int: 20    God:
Gold:   26         SH:  0    Dex: 15    Spells: 2/9 levels left

rFire    . . .     SeeInvis .   e - +2 dagger (venom)
rCold    . . .     Faith    .   (no shield)
rNeg     . . .     Spirit   .   a - +0 robe
rPois    .         Reflect  .   (no helmet)
rElec    .         Harm     .   (no cloak)
rCorr    .         Rampage  .   f - +0 pair of gloves
Will     .....                  (no boots)
Stlth    ++........             (no amulet)
HPRegen  0.06/turn              (no ring)
MPRegen  0.12/turn              (no ring)

@: no status effects
A: no striking features
a: no special abilities


You were on level 2 of the Dungeon.
You visited 1 branch of the dungeon, and saw 2 of its levels.

You collected 66 gold pieces.
You spent 40 gold pieces at shops.

Inventory:

Hand Weapons
 e - a +2 dagger of venom (weapon)
Missiles
 b - 23 poisoned darts (quivered)
Armour
 a - a +0 robe (worn)
 f - a +0 pair of gloves (worn)
Jewellery
 i - a +6 ring of intelligence
Scrolls
 g - 2 scrolls of blinking {unknown}
 h - a scroll of identify
 j - a scroll of fog {unknown}
 m - a scroll of enchant armour {unknown}
Potions
 c - a potion of ambrosia
 d - a potion of curing
 k - a potion of cancellation
 l - a potion of might {unknown}
 n - a potion of flight {unknown}
 o - a potion of magic {unknown}


   Skills:
 + Level 0.4 Fighting
 + Level 0.5 Short Blades
 + Level 3.2 Dodging
 - Level 2.4 Stealth
 + Level 3.8 Spellcasting
 + Level 4.8 Ice Magic


You had 2 spell levels left.
You knew the following spells:

 Your Spells              Type           Power      Damage    Failure   Level
a - Freeze                Ice            92%        1d10      1%          1
b - Frozen Ramparts       Ice            46%        1d6       5%          3
c - Ozocubu's Armour      Ice            23%        N/A       5%          3

Your spell library contained the following spells:

 Spells                   Type           Power      Damage    Failure   Level
 Hailstorm                Conj/Ice       13%        3d5       43%         4
 Metabolic Englaciation   Hex/Ice        6%         N/A       80%         5


Dungeon Overview and Level Annotations

Branches:
Dungeon (2/15)

Altars:

Shops:
D:1 **?!


Message History

Casting: Freeze (safe; 1% risk of failure)
Confirm with . or Enter, or press ? or * to list all spells.
The spell is quite dangerous to cast (5% risk of failure)!
Continue anyway?
Casting: Frozen Ramparts (quite dangerous; 5% risk of failure)
Press: ? - help, Dir - look around, f - activate The walls around you are covered in ice.
The wall freezes the adder.
The adder seems to slow down.
The adder barely misses you.
You hit the adder.
The adder is severely wounded.
The adder is no longer moving slowly.
The wall freezes the adder.
The adder seems to slow down.
The adder bites you but does no damage.
You barely miss the adder.
The adder is almost dead.
The wall freezes the adder.
You kill the adder!
You start resting.
The frozen ramparts melt away.
You see here an adder corpse.
Magic restored.
m - a scroll labelled MAIGESE BEACW
Found a faded altar of an unknown god.
You now have 26 gold pieces (gained 10).
n - a fuming red potion
o - a fuming inky potion
Found a dagger.
Found 16 arrows.
A worm comes into view.
Found a jade ring.
The worm bites you!
Ouch! That really hurt!
You hit the worm.
The worm is poisoned.
The worm is lightly wounded.
You hit the worm.
The worm looks as sick as possible!
The worm is moderately wounded.
The worm bites you.
You barely miss the worm.
The worm is heavily wounded.
The worm bites you!
You die...

#########
#..=....#
#.......#
#.......#
#.w.....#
#..@....#
#.......#
#.....(.####
#...........
#..........
#####.......#####
.........).......
.................
########..######


You could see a worm (extremely poisoned).

Vanquished Creatures
  An adder (D:2)
  A dart slug (D:1)
  2 ball pythons (D:1)
  2 bats (D:1)
  3 endoplasms (D:1)
  A giant cockroach (D:1)
  5 goblins (D:1)
  6 hobgoblins
  A quokka (D:1)
  4 frilled lizards (D:1)
  3 kobolds (D:1)
  3 rats (D:1)
32 creatures vanquished.

Notes
Turn   | Place    | Note
-------+----------+-------------------------------------------
     0 | D:1      | lightspider the Deep Elf Ice Elementalist began the quest
                  | for the Orb.
     0 | D:1      | Reached XP level 1. HP: 10/10 MP: 6/6
   229 | D:1      | Found Pibegih's Distillery.
   322 | D:1      | Reached XP level 2. HP: 15/15 MP: 5/8
   461 | D:1      | Found Nucegu Equu's Magic Scroll Shoppe.
   976 | D:1      | Found Uloskaj's General Store.
  1068 | D:1      | Reached XP level 3. HP: 15/19 MP: 1/10
  1130 | D:1      | Learned a level 3 spell: Frozen Ramparts
  1134 | D:1      | Learned a level 3 spell: Ozocubu's Armour
  1206 | D:1      | Found Oblimor's General Store.
  1215 | D:1      | Bought a scroll of identify for 20 gold pieces
  1215 | D:1      | Bought a scroll of identify for 20 gold pieces
  1717 | D:2      | Found a faded altar of an unknown god.
  1804 | D:2      | Slain by a worm

Illustrated notes

Levels and vault maps discovered:
D:1:      minmay_arrival_widening_spiral_narrow, layout_basic, serial_shops,
          shop, shop_fountains, shop, shop, minmay_misc_feat_alley,
          minmay_quantized
D:2:      layout_basic, shapermc_ecumenical_altar_starsandcircs

Skill      XL: |  1  2 |
---------------+-------+-----
Dodging        | 3 |  3.2
Fighting       | |  0.4
Short Blades   | |  0.5
Stealth        | |  2.4
Spellcasting   | |  3.8
Ice Magic      | |  4.8

Action                   || total
-------------------------++-------
Melee: Dagger            ||    20
Throw: Dart              ||    18
 Cast: Freeze            ||    34
       Frozen Ramparts   ||     1
  Use: Scroll            ||     3
 Stab: Sleeping          ||     3
Armor: Robe              ||    13
Dodge: Dodged            ||    24

Table legend: (Time is in decaauts)
 A = Elapsed time spent in this place.
 B = Non-inter-level travel time spent in this place.
 C = Inter-level travel time spent in this place.
 D = Time resting spent in this place.
 E = Time spent auto-exploring this place.
 F = Levels seen in this place.
 G = Mean time per level.
                   A        B        C        D        E       F      G
               +--------+--------+--------+--------+--------+-----+--------+
         Total |   1803 |   1754 |     49 |    303 |   1163 |   2 |  901.5 |
       Dungeon |   1803 |   1754 |     49 |    303 |   1163 |   2 |  901.5 |
               +--------+--------+--------+--------+--------+-----+--------+

Top non-repeatable levels by time:
     D:1: 1561 daAuts
     D:2: 241 daAuts
